Workbook
Name Acero: #REF!
Name Acero: #REF!
Name Agregados: #REF!
Name Agregados: #REF!
Name Apar.Sanitarios: #REF!
Name Apar.Sanitarios: #REF!
Name Carp.Aluminio: #REF!
Name Carp.Aluminio: #REF!
Name Carp.Metalica: #REF!
Name Carp.Metalica: #REF!
Name Cerrajeria: #REF!
Name Cerrajeria: #REF!
Name Ciudades: #REF!
Name Ciudades: #REF!
Name Ciudades: #REF!
Name Ciudades: #REF!
Name Combustible: #REF!
Name Combustible: #REF!
Name Concretos: #REF!
Name Concretos: #REF!
Name Concretos: #REF!
Name Concretos: #REF!
Name Cuadrillas: #REF!
Name Cuadrillas: #REF!
Name Cubierta: #REF!
Name Cubierta: #REF!
Name Drywall: #REF!
Name Drywall: #REF!
Name Equipos: #REF!
Name Equipos: #REF!
Name EquiposEspeciales: #REF!
Name EquiposEspeciales: #REF!
Name Ferreteria: #REF!
Name Ferreteria: #REF!
Name Formaletas: #REF!
Name Formaletas: #REF!
Name Geosinteticos: #REF!
Name Geosinteticos: #REF!
Name Impermeabilizantes: #REF!
Name Impermeabilizantes: #REF!
Name Inst.Electricas: #REF!
Name Inst.Electricas: #REF!
Name Inst.Hidrosanitarias: #REF!
Name Inst.Hidrosanitarias: #REF!
Name INSUMOS: #REF!
Name INSUMOS: #REF!
Name Ladrillos: #REF!
Name Ladrillos: #REF!
Name Maderas: #REF!
Name Maderas: #REF!
Name Pinturas: #REF!
Name Pinturas: #REF!
Name PisosEnchapes: #REF!
Name PisosEnchapes: #REF!
Name Prefabricados: #REF!
Name Prefabricados: #REF!
Name VariosAnalisis: #REF!
Name VariosAnalisis: #REF!

Sheet APU's
A2: 029.001 | B2: - | C2: DEMOLICIÓN MECÁNICA DE ESTRUCTURAS DE CONCRETO HIDRÁULICO - INCLUYE CARGUE, TRANSPORTE Y DISPOSICIÓN | D2: Actividad | E2: M3 | I2: 152860
A3: 029.001 | B3: C22 | C3: CUADRILLA AA TIPO 4 (1 OFICIAL + 4 AYUDANTE) (Albañileria) | D3: Cuadrilla | E3: HR | F3: 0.4 | G3: 66299 | H3: 26520
A4: 029.001 | B4: E24 | C4: VOLQUETA 6M3 (CARGUE A MANO) - INCLUYE DISPOSICION EN BOTADERO | D4: Equipos | E4: VJE | F4: 0.25 | G4: 310000 | H4: 77500
A5: 029.001 | B5: E7 | C5: COMPRESOR 1 MARTILLO 1 OPERARIO | D5: Equipos | E5: HR | F5: 0.6 | G5: 76160 | H5: 45696
A6: 029.001 | B6: H2 | C6: EQUIPO BASICO (HERRAMIENTA MENOR) | D6: Herramienta | E6: UND | F6: 0.4 | G6: 3484 | H6: 1394
A7: 029.001 | B7: I1565 | C7: ACARREO INTERNO | D7: Insumos | E7: UND | F7: 0.9596 | G7: 1824 | H7: 1750
A8: 029.007 | B8: - | C8: DEMOLICIÓN DE ANDENES Y SARDINELES EN CONCRETO HIDRÁULICO - INCLUYE CARGUE A MANO, RETIRO Y DISPOSICIÓN EN BOTADERO | D8: Actividad | E8: M3 | I8: 116870
A9: 029.007 | B9: C1 | C9: CUADRILLA AA TIPO 1 (1 OFICIAL + 1 AYUDANTE) (Albañileria) | D9: Cuadrilla | E9: HR | F9: 0.78 | G9: 30782 | H9: 24010
A10: 029.007 | B10: E7 | C10: COMPRESOR 1 MARTILLO 1 OPERARIO | D10: Equipos | E10: HR | F10: 0.5 | G10: 76160 | H10: 38080
A11: 029.007 | B11: E24 | C11: VOLQUETA 6M3 (CARGUE A MANO) - INCLUYE DISPOSICION EN BOTADERO | D11: Equipos | E11: VJE | F11: 0.1625 | G11: 310000 | H11: 50375
A12: 029.007 | B12: H2 | C12: EQUIPO BASICO (HERRAMIENTA MENOR) | D12: Herramienta | E12: UND | F12: 0.78 | G12: 3484 | H12: 2718
A13: 029.007 | B13: I1565 | C13: ACARREO INTERNO | D13: Insumos | E13: UND | F13: 0.925 | G13: 1824 | H13: 1687
A15: 032.346 | B15: - | C15: SUMINISTRO, TRANSPORTE E INSTALACION BLOQUE BASE EN CEMENTO PLAQUETA ABUJARDADA GRIS 50 X 50 CM PEATONAL | D15: Actividad | E15: M2 | I15: 170027
A16: 032.346 | B16: C1 | C16: CUADRILLA AA TIPO 1 (1 OFICIAL + 1 AYUDANTE) (Albañileria) | D16: Cuadrilla | E16: HR | F16: 0.66 | G16: 30782 | H16: 20316
A17: 032.346 | B17: E47 | C17: VIBROCOMPACTADOR TIPO RANA | D17: Equipos | E17: DIA | F17: 0.1 | G17: 45934 | H17: 4593
A18: 032.346 | B18: E12 | C18: EQUIPO DE TRANSPORTE | D18: Equipos | E18: DIA | F18: 0.005 | G18: 180217 | H18: 901
A19: 032.346 | B19: H2 | C19: EQUIPO BASICO (HERRAMIENTA MENOR) | D19: Herramienta | E19: UND | F19: 0.02 | G19: 3484 | H19: 70
A20: 032.346 | B20: I1565 | C20: ACARREO INTERNO | D20: Insumos | E20: UND | F20: 0.7 | G20: 1824 | H20: 1277
A21: 032.346 | B21: I2487 | C21: BLOQUE BASE EN CEMENTO PLAQUETA ABUJARDADA GRIS A=50; B=50; H=6 CM; 42 KG/M2. (Incluye transporte y descargue) - PEATONAL | D21: Insumos | E21: UND | F21: 4.1 | G21: 33025 | H21: 135403
A22: 032.346 | B22: I32 | C22: ARENA DELGADA (Inc Transporte hasta 39 km) | D22: Insumos | E22: M3 | F22: 0.07 | G22: 106670 | H22: 7467
A23: 032.347 | B23: - | C23: SUMINISTRO, TRANSPORTE E INSTALACION BLOQUE BASE EN CEMENTO PLAQUETA ABUJARDADA GRIS 50 X 50 CM VEHICULAR | D23: Actividad | E23: M2 | I23: 236389
A24: 032.347 | B24: C1 | C24: CUADRILLA AA TIPO 1 (1 OFICIAL + 1 AYUDANTE) (Albañileria) | D24: Cuadrilla | E24: HR | F24: 0.66 | G24: 30782 | H24: 20316
A25: 032.347 | B25: E47 | C25: VIBROCOMPACTADOR TIPO RANA | D25: Equipos | E25: DIA | F25: 0.1 | G25: 45934 | H25: 4593
A26: 032.347 | B26: E12 | C26: EQUIPO DE TRANSPORTE | D26: Equipos | E26: DIA | F26: 0.005 | G26: 180217 | H26: 901
A27: 032.347 | B27: H2 | C27: EQUIPO BASICO (HERRAMIENTA MENOR) | D27: Herramienta | E27: UND | F27: 0.02 | G27: 3484 | H27: 70
A28: 032.347 | B28: I1565 | C28: ACARREO INTERNO | D28: Insumos | E28: UND | F28: 0.7 | G28: 1824 | H28: 1277
A29: 032.347 | B29: I2026 | C29: BLOQUE BASE EN CEMENTO PLAQUETA ABUJARDADA GRIS A=50; B=50; H=7 CM; 42 KG/M2. (Incluye transporte y descargue) - VEHICULAR | D29: Insumos | E29: UND | F29: 4.1 | G29: 49211 | H29: 201765
A30: 032.347 | B30: I32 | C30: ARENA DELGADA (Inc Transporte hasta 39 km) | D30: Insumos | E30: M3 | F30: 0.07 | G30: 106670 | H30: 7467
A31: 032.348 | B31: - | C31: SUMINISTRO, TRANSPORTE E INSTALACION BLOQUE BASE EN CEMENTO PLAQUETA ABUJARDADA COLOR 50 X 50 CM PEATONAL | D31: Actividad | E31: M2 | I31: 190908
A32: 032.348 | B32: C1 | C32: CUADRILLA AA TIPO 1 (1 OFICIAL + 1 AYUDANTE) (Albañileria) | D32: Cuadrilla | E32: HR | F32: 0.66 | G32: 30782 | H32: 20316
A33: 032.348 | B33: E47 | C33: VIBROCOMPACTADOR TIPO RANA | D33: Equipos | E33: DIA | F33: 0.1 | G33: 45934 | H33: 4593
A34: 032.348 | B34: E12 | C34: EQUIPO DE TRANSPORTE | D34: Equipos | E34: DIA | F34: 0.005 | G34: 180217 | H34: 901
A35: 032.348 | B35: H2 | C35: EQUIPO BASICO (HERRAMIENTA MENOR) | D35: Herramienta | E35: UND | F35: 0.02 | G35: 3484 | H35: 70
A36: 032.348 | B36: I1565 | C36: ACARREO INTERNO | D36: Insumos | E36: UND | F36: 0.7 | G36: 1824 | H36: 1277
A37: 032.348 | B37: I2486 | C37: BLOQUE BASE EN CEMENTO PLAQUETA ABUJARDADA COLOR A=50; B=50; H=6 CM; 42 KG/M2 (Inc. Transporte y descargue) - PEATONAL | D37: Insumos | E37: UND | F37: 4.1 | G37: 38118 | H37: 156284
A38: 032.348 | B38: I32 | C38: ARENA DELGADA (Inc Transporte hasta 39 km) | D38: Insumos | E38: M3 | F38: 0.07 | G38: 106670 | H38: 7467
A39: 032.349 | B39: - | C39: SUMINISTRO, TRANSPORTE E INSTALACION BLOQUE BASE EN CEMENTO PLAQUETA ABUJARDADA COLOR 50 X 50 CM VEHICULAR | D39: Actividad | E39: M2 | I39: 261211
A40: 032.349 | B40: C1 | C40: CUADRILLA AA TIPO 1 (1 OFICIAL + 1 AYUDANTE) (Albañileria) | D40: Cuadrilla | E40: HR | F40: 0.66 | G40: 30782 | H40: 20316
A41: 032.349 | B41: E47 | C41: VIBROCOMPACTADOR TIPO RANA | D41: Equipos | E41: DIA | F41: 0.1 | G41: 45934 | H41: 4593
A42: 032.349 | B42: E12 | C42: EQUIPO DE TRANSPORTE | D42: Equipos | E42: DIA | F42: 0.005 | G42: 180217 | H42: 901
A43: 032.349 | B43: H2 | C43: EQUIPO BASICO (HERRAMIENTA MENOR) | D43: Herramienta | E43: UND | F43: 0.02 | G43: 3484 | H43: 70
A44: 032.349 | B44: I1565 | C44: ACARREO INTERNO | D44: Insumos | E44: UND | F44: 0.7 | G44: 1824 | H44: 1277
A45: 032.349 | B45: I2023 | C45: BLOQUE BASE EN CEMENTO PLAQUETA ABUJARDADA COLOR A=50; B=50; H=7 CM; 42 KG/M2 (Inc. Transporte y descargue) - VEHICULAR | D45: Insumos | E45: UND | F45: 4.1 | G45: 55265 | H45: 226587
A46: 032.349 | B46: I32 | C46: ARENA DELGADA (Inc Transporte hasta 39 km) | D46: Insumos | E46: M3 | F46: 0.07 | G46: 106670 | H46: 7467
A48: 002.001 | B48: - | C48: EXCAVACIÓN EN ZANJA - MATERIAL COMÚN - 0.0 A 2.0 M | D48: Actividad | E48: M3 | I48: 36872
A49: 002.001 | B49: C1 | C49: CUADRILLA AA TIPO 1 (1 OFICIAL + 1 AYUDANTE) (Albañileria) | D49: Cuadrilla | E49: HR | F49: 1.1 | G49: 30782 | H49: 33860
A50: 002.001 | B50: I282 | C50: SUELO CEMENTO 10:1 | D50: Insumos | E50: M3 | F50: 0.01 | G50: 195036 | H50: 1950
A51: 002.001 | B51: H2 | C51: EQUIPO BASICO (HERRAMIENTA MENOR) | D51: Herramienta | E51: UND | F51: 0.2 | G51: 3484 | H51: 697
A52: 002.001 | B52: I1565 | C52: ACARREO INTERNO | D52: Insumos | E52: UND | F52: 0.2 | G52: 1824 | H52: 365
A54: 001.093 | B54: - | C54: CORTE, REMOCIÓN Y CICATRIZACIÓN DE RAICES MENORES | D54: Actividad | E54: UND | I54: 28583
A55: 001.093 | B55: C1 | C55: CUADRILLA AA TIPO 1 (1 OFICIAL + 1 AYUDANTE) (Albañileria) | D55: Cuadrilla | E55: HR | F55: 0.25 | G55: 30782 | H55: 7696
A56: 001.093 | B56: I2482 | C56: CICATRIZANTE HORMONAL PARA RAICES X 460GR | D56: Insumos | E56: und | F56: 0.5 | G56: 39650 | H56: 19825
A57: 001.093 | B57: H2 | C57: EQUIPO BASICO (HERRAMIENTA MENOR) | D57: Herramienta | E57: UND | F57: 0.2 | G57: 3484 | H57: 697
A58: 001.093 | B58: I1565 | C58: ACARREO INTERNO | D58: Insumos | E58: UND | F58: 0.2 | G58: 1824 | H58: 365
A60: 001.059 | B60: - | C60: SUMINISTRO, TRANSPORTE E INSTALACION TECHADO PROVISIONAL EN GUADUA Y PLÁSTICO | D60: Actividad | E60: M2 | I60: 18815
A61: 001.059 | B61: C15 | C61: CUADRILLA AA TIPO 3 (1 OFICIAL + 3 AYUDANTE) (Albañileria) | D61: Cuadrilla | E61: HR | F61: 0.15 | G61: 54460 | H61: 8169
A62: 001.059 | B62: E12 | C62: EQUIPO DE TRANSPORTE | D62: Equipos | E62: DIA | F62: 0.00104 | G62: 180217 | H62: 187
A63: 001.059 | B63: H2 | C63: EQUIPO BASICO (HERRAMIENTA MENOR) | D63: Herramienta | E63: UND | F63: 0.2 | G63: 3484 | H63: 697
A64: 001.059 | B64: I1565 | C64: ACARREO INTERNO | D64: Insumos | E64: UND | F64: 0.213 | G64: 1824 | H64: 389
A65: 001.059 | B65: I455 | C65: ESTRUCTURA EN GUADUA | D65: Insumos | E65: M2 | F65: 1.4 | G65: 3151 | H65: 4411
A66: 001.059 | B66: I456 | C66: PLÁSTICO TRANSPARENTE CALIBRE 6 | D66: Insumos | E66: M2 | F66: 1.4 | G66: 3544 | H66: 4962
A68: 023.008 | B68: - | C68: SUMINISTRO, TRANSPORTE E INSTALACION AFIRMADO PARA ANDENES | D68: Actividad | E68: M3 | I68: 114633
A69: 023.008 | B69: C15 | C69: CUADRILLA AA TIPO 3 (1 OFICIAL + 3 AYUDANTE) (Albañileria) | D69: Cuadrilla | E69: HR | F69: 0.61083333 | G69: 54460 | H69: 33266
A70: 023.008 | B70: E47 | C70: VIBROCOMPACTADOR TIPO RANA | D70: Equipos | E70: DIA | F70: 0.083333333 | G70: 45934 | H70: 3828
A71: 023.008 | B71: H2 | C71: EQUIPO BASICO (HERRAMIENTA MENOR) | D71: Herramienta | E71: UND | F71: 0.02 | G71: 3484 | H71: 70
A72: 023.008 | B72: I1565 | C72: ACARREO INTERNO | D72: Insumos | E72: UND | F72: 0.6 | G72: 1824 | H72: 1094
A73: 023.008 | B73: I50 | C73: AFIRMADO (Incluye transporte) | D73: Insumos | E73: M3 | F73: 1.3 | G73: 58750 | H73: 76375
A75: 021.084 | B75: - | C75: SUMINISTRO, TRANSPORTE E INSTALACIÓN DE ARENA PARA RESELLADO DE JUNTAS EN PLAQUETAS PREFABRICADAS EXISTENTES. Incluye compactación. (No aplica para obras nuevas) | D75: Actividad | E75: M2 | I75: 9104
A76: 021.084 | B76: C1 | C76: CUADRILLA AA TIPO 1 (1 OFICIAL + 1 AYUDANTE) (Albañileria) | D76: Cuadrilla | E76: HR | F76: 0.16666667 | G76: 30782 | H76: 5130
A77: 021.084 | B77: I32 | C77: ARENA DELGADA (Inc Transporte hasta 39 km) | D77: Insumos | E77: M3 | F77: 0.03 | G77: 106670 | H77: 3200
A78: 021.084 | B78: E47 | C78: VIBROCOMPACTADOR TIPO RANA | D78: Equipos | E78: DIA | F78: 0.011368804 | G78: 45934 | H78: 522
A79: 021.084 | B79: H2 | C79: EQUIPO BASICO (HERRAMIENTA MENOR) | D79: Herramienta | E79: UND | F79: 0.02 | G79: 3484 | H79: 70
A80: 021.084 | B80: I1565 | C80: ACARREO INTERNO | D80: Insumos | E80: UND | F80: 0.1 | G80: 1824 | H80: 182
A81: 021.085 | B81: - | C81: REINSTALACIÓN DE PLAQUETAS PREFABRICADAS PARA ANDENES. Incluye nivelación, compactación y sello con arena | D81: Actividad | E81: M2 | I81: 20058
A82: 021.085 | B82: C1 | C82: CUADRILLA AA TIPO 1 (1 OFICIAL + 1 AYUDANTE) (Albañileria) | D82: Cuadrilla | E82: HR | F82: 0.35 | G82: 30782 | H82: 10774
A83: 021.085 | B83: I32 | C83: ARENA DELGADA (Inc Transporte hasta 39 km) | D83: Insumos | E83: M3 | F83: 0.07 | G83: 106670 | H83: 7467
A84: 021.085 | B84: E47 | C84: VIBROCOMPACTADOR TIPO RANA | D84: Equipos | E84: DIA | F84: 0.03 | G84: 45934 | H84: 1378
A85: 021.085 | B85: H2 | C85: EQUIPO BASICO (HERRAMIENTA MENOR) | D85: Herramienta | E85: UND | F85: 0.1 | G85: 3484 | H85: 348
A86: 021.085 | B86: I1565 | C86: ACARREO INTERNO | D86: Insumos | E86: UND | F86: 0.05 | G86: 1824 | H86: 91
A88: 023.028 | B88: - | C88: SUMINISTRO, TRANSPORTE E INSTALACION PAVIMENTO EN CONCRETO MR 42 HECHO EN OBRA | D88: Actividad | E88: M3 | I88: 839365
A89: 023.028 | B89: AB15 | C89: CONCRETO MR 42 kg/cm2 | D89: Analisis Basico | E89: M3 | F89: 1.05 | G89: 600917 | H89: 630963
A90: 023.028 | B90: C15 | C90: CUADRILLA AA TIPO 3 (1 OFICIAL + 3 AYUDANTE) (Albañileria) | D90: Cuadrilla | E90: HR | F90: 2.0942857 | G90: 54460 | H90: 114055
A91: 023.028 | B91: E12 | C91: EQUIPO DE TRANSPORTE | D91: Equipos | E91: DIA | F91: 0.1 | G91: 180217 | H91: 18022
A92: 023.028 | B92: E16 | C92: REGLA VIBRATORIA 3 a 5M | D92: Equipos | E92: DIA | F92: 0.14285714 | G92: 58667 | H92: 8381
A93: 023.028 | B93: E21 | C93: VIBRADOR A GASOLINA | D93: Equipos | E93: DIA | F93: 0.14285714 | G93: 63665 | H93: 9095
A94: 023.028 | B94: H2 | C94: EQUIPO BASICO (HERRAMIENTA MENOR) | D94: Herramienta | E94: UND | F94: 2 | G94: 3484 | H94: 6968
A95: 023.028 | B95: I1565 | C95: ACARREO INTERNO | D95: Insumos | E95: UND | F95: 2 | G95: 1824 | H95: 3648
A96: 023.028 | B96: I424 | C96: PUNTILLA CON CABEZA 1" | D96: Insumos | E96: LB | F96: 0.2 | G96: 6200 | H96: 1240
A97: 023.028 | B97: I478 | C97: ANTISOL BLANCO x 20 kg | D97: Insumos | E97: kG | F97: 1.4 | G97: 13045 | H97: 18263
A98: 023.028 | B98: I990 | C98: TABLA 1"X10"X3M | D98: Insumos | E98: UND | F98: 0.8 | G98: 14569 | H98: 11655
A99: 023.028 | B99: I991 | C99: CUARTON 2"X4"X3M | D99: Insumos | E99: UND | F99: 1.25 | G99: 13660 | H99: 17075
A101: 023.037 | B101: - | C101: SUMINISTRO, TRANSPORTE E INSTALACIÓN DE ACELERANTE PARA CONCRETOS Y PAVIMENTOS RIGIDOS | D101: Actividad | E101: KG | I101: 25013
A102: 023.037 | B102: E12 | C102: EQUIPO DE TRANSPORTE | D102: Equipos | E102: DIA | F102: 0.001 | G102: 180217 | H102: 180
A103: 023.037 | B103: H2 | C103: EQUIPO BASICO (HERRAMIENTA MENOR) | D103: Herramienta | E103: UND | F103: 0.01 | G103: 3484 | H103: 35
A104: 023.037 | B104: I1565 | C104: ACARREO INTERNO | D104: Insumos | E104: UND | F104: 0.01 | G104: 1824 | H104: 18
A105: 023.037 | B105: I498 | C105: SIKA SET X 5KG | D105: Insumos | E105: UND | F105: 0.2 | G105: 123900 | H105: 24780
A107: 021.052 | B107: - | C107: SUMINISTRO, TRANSPORTE E INSTALACION ANDEN CONCRETO 3000 PSI E= 0.10M. ACABADO: ESCOBIADO | D107: Actividad | E107: M2 | I107: 88649
A108: 021.052 | B108: AB5 | C108: CONCRETO 3000 psi - 21 Mpa | D108: Analisis Basico | E108: M3 | F108: 0.084 | G108: 561725 | H108: 47185
A109: 021.052 | B109: C15 | C109: CUADRILLA AA TIPO 3 (1 OFICIAL + 3 AYUDANTE) (Albañileria) | D109: Cuadrilla | E109: HR | F109: 0.5 | G109: 54460 | H109: 27230
A110: 021.052 | B110: I990 | C110: TABLA 1"X10"X3M | D110: Insumos | E110: UND | F110: 0.44333333 | G110: 14569 | H110: 6459
...

Sheet PPTO COSTO DIRECTO
C3: Código | D3: CCE-EICP-FM-14 | E3: Versión | F3: 2
C4: FORMULARIO 1
C5: PRESUPUESTO OFICIAL -COSTO DIRECTO
C6: [Las Entidades Estatales deben usar el presente formulario para determinar el Presupuesto Oficial del Proceso de Contratación y solo pueden modificar o ajustar aquello que en este se permite expresamente] [El presente formulario aplica para los procesos de contratación que tengan como forma de pago precios unitarios. Tratándose de otras modalidades de precio, la Entidad debe ajustarlo cuando corresponde a: precio global, llave en mano, administración delegada, reembolso de gastos o cualquier otra forma de precio.]
C8: Adicionalmente, cuando el proceso de contratación es estructurado por precios unitarios, la Entidad debe aplicar las notas 1, 2 y 3 del presente formulario y las casillas de "Descripción", "Porcentaje" de la Administración, Imprevisto, Utilidad y total A.I.U. resaltadas en color amarillo. Tratándose de otras modalidades de precio, la Entidad puede o no configurar los mismos aspectos.
C9: REPARACIÓN Y MANTENIMIENTO DE BULEVARES EN LA CIUDAD DE MANIZALES, POR EL SISTEMA DE MONTO AGOTABLE
C11: No. | D11: ITEM DE PAGO | E11: ESPECIFICACIONES | G11: DESCRIPCION | H11: UND. | I11: CANTIDAD | J11: VALOR UNITARIO COSTO DIRECTO | K11: VALOR TOTAL
G12: PRELIMINARES
C13: 1 | D13: =+'APU''s'!A2 -> 029.001 | E13: =+'APU''s'!B2 -> - | G13: =+'APU''s'!C2 -> DEMOLICIÓN MECÁNICA DE ESTRUCTURAS DE CONCRETO HIDRÁULICO - INCLUYE CARGUE, TRANSPORTE Y DISPOSICIÓN | H13: =+'APU''s'!E2 -> M3 | I13: 1 | J13: =+'APU''s'!I2 -> 152860 | K13: =+I13*J13 -> 152860
C14: 2 | D14: =+'APU''s'!A8 -> 029.007 | E14: =+'APU''s'!B8 -> - | G14: =+'APU''s'!C8 -> DEMOLICIÓN DE ANDENES Y SARDINELES EN CONCRETO HIDRÁULICO - INCLUYE CARGUE A MANO, RETIRO Y DISPOSICIÓN EN BOTADERO | H14: =+'APU''s'!E8 -> M3 | I14: 1 | J14: =+'APU''s'!I8 -> 116870 | K14: =+I14*J14 -> 116870
C15: 3 | D15: =+'APU''s'!A48 -> 002.001 | E15: =+'APU''s'!B48 -> - | G15: =+'APU''s'!C48 -> EXCAVACIÓN EN ZANJA - MATERIAL COMÚN - 0.0 A 2.0 M | H15: =+'APU''s'!E48 -> M3 | I15: 1 | J15: =+'APU''s'!I48 -> 36872 | K15: =+I15*J15 -> 36872
C16: 4 | D16: =+'APU''s'!A60 -> 001.059 | E16: =+'APU''s'!B60 -> - | G16: =+'APU''s'!C60 -> SUMINISTRO, TRANSPORTE E INSTALACION TECHADO PROVISIONAL EN GUADUA Y PLÁSTICO | H16: =+'APU''s'!E60 -> M2 | I16: 1 | J16: =+'APU''s'!I60 -> 18815 | K16: =+I16*J16 -> 18815
G17: BASES
C18: 5 | D18: =+'APU''s'!A68 -> 023.008 | E18: =+'APU''s'!B68 -> - | G18: =+'APU''s'!C68 -> SUMINISTRO, TRANSPORTE E INSTALACION AFIRMADO PARA ANDENES | H18: =+'APU''s'!E68 -> M3 | I18: 1 | J18: =+'APU''s'!I68 -> 114633 | K18: =+I18*J18 -> 114633
G19: CAPA RODADURA
C20: 6 | D20: =+'APU''s'!A88 -> 023.028 | E20: =+'APU''s'!B88 -> - | G20: =+'APU''s'!C88 -> SUMINISTRO, TRANSPORTE E INSTALACION PAVIMENTO EN CONCRETO MR 42 HECHO EN OBRA | H20: =+'APU''s'!E88 -> M3 | I20: 1 | J20: =+'APU''s'!I88 -> 839365 | K20: =+I20*J20 -> 839365
C21: 7 | D21: =+'APU''s'!A101 -> 023.037 | E21: =+'APU''s'!B101 -> - | G21: =+'APU''s'!C101 -> SUMINISTRO, TRANSPORTE E INSTALACIÓN DE ACELERANTE PARA CONCRETOS Y PAVIMENTOS RIGIDOS | H21: =+'APU''s'!E101 -> KG | I21: 1 | J21: =+'APU''s'!I101 -> 25013 | K21: =+I21*J21 -> 25013
G22: ANDENES Y SARDINELES
C23: 8 | D23: =+'APU''s'!A15 -> 032.346 | E23: =+'APU''s'!B15 -> - | G23: =+'APU''s'!C15 -> SUMINISTRO, TRANSPORTE E INSTALACION BLOQUE BASE EN CEMENTO PLAQUETA ABUJARDADA GRIS 50 X 50 CM PEATONAL | H23: =+'APU''s'!E15 -> M2 | I23: 1 | J23: =+'APU''s'!I15 -> 170027 | K23: =+I23*J23 -> 170027
C24: 9 | D24: =+'APU''s'!A23 -> 032.347 | E24: =+'APU''s'!B23 -> - | G24: =+'APU''s'!C23 -> SUMINISTRO, TRANSPORTE E INSTALACION BLOQUE BASE EN CEMENTO PLAQUETA ABUJARDADA GRIS 50 X 50 CM VEHICULAR | H24: =+'APU''s'!E23 -> M2 | I24: 1 | J24: =+'APU''s'!I23 -> 236389 | K24: =+I24*J24 -> 236389
C25: 10 | D25: =+'APU''s'!A31 -> 032.348 | E25: =+'APU''s'!B31 -> - | G25: =+'APU''s'!C31 -> SUMINISTRO, TRANSPORTE E INSTALACION BLOQUE BASE EN CEMENTO PLAQUETA ABUJARDADA COLOR 50 X 50 CM PEATONAL | H25: =+'APU''s'!E31 -> M2 | I25: 1 | J25: =+'APU''s'!I31 -> 190908 | K25: =+I25*J25 -> 190908
C26: 11 | D26: =+'APU''s'!A39 -> 032.349 | E26: =+'APU''s'!B39 -> - | G26: =+'APU''s'!C39 -> SUMINISTRO, TRANSPORTE E INSTALACION BLOQUE BASE EN CEMENTO PLAQUETA ABUJARDADA COLOR 50 X 50 CM VEHICULAR | H26: =+'APU''s'!E39 -> M2 | I26: 1 | J26: =+'APU''s'!I39 -> 261211 | K26: =+I26*J26 -> 261211
C27: 12 | D27: =+'APU''s'!A75 -> 021.084 | E27: =+'APU''s'!B75 -> - | G27: =+'APU''s'!C75 -> SUMINISTRO, TRANSPORTE E INSTALACIÓN DE ARENA PARA RESELLADO DE JUNTAS EN PLAQUETAS PREFABRICADAS EXISTENTES. Incluye compactación. (No aplica para obras nuevas) | H27: =+'APU''s'!E75 -> M2 | I27: 1 | J27: =+'APU''s'!I75 -> 9104 | K27: =+I27*J27 -> 9104
C28: 13 | D28: =+'APU''s'!A81 -> 021.085 | E28: =+'APU''s'!B81 -> - | G28: =+'APU''s'!C81 -> REINSTALACIÓN DE PLAQUETAS PREFABRICADAS PARA ANDENES. Incluye nivelación, compactación y sello con arena | H28: =+'APU''s'!E81 -> M2 | I28: 1 | J28: =+'APU''s'!I81 -> 20058 | K28: =+I28*J28 -> 20058
C29: 14 | D29: =+'APU''s'!A107 -> 021.052 | E29: =+'APU''s'!B107 -> - | G29: =+'APU''s'!C107 -> SUMINISTRO, TRANSPORTE E INSTALACION ANDEN CONCRETO 3000 PSI E= 0.10M. ACABADO: ESCOBIADO | H29: =+'APU''s'!E107 -> M2 | I29: 1 | J29: =+'APU''s'!I107 -> 88649 | K29: =+I29*J29 -> 88649
C30: 15 | D30: =+'APU''s'!A119 -> 021.016 | E30: =+'APU''s'!B119 -> - | G30: =+'APU''s'!C119 -> SUMINISTRO, TRANSPORTE E INSTALACION SARDINEL CHAFLANADO ANCHO = 20 CM H = ENTRE 17 Y 24 CM EN CONCRETO 3000 PSI | H30: =+'APU''s'!E119 -> ML | I30: 1 | J30: =+'APU''s'!I119 -> 78414 | K30: =+I30*J30 -> 78414
C31: 16 | D31: =+'APU''s'!A144 -> 033.122 | E31: =+'APU''s'!B144 -> - | G31: =+'APU''s'!C144 -> SUMINISTRO, TRANSPORTE E INSTALACION DE RAMPAS Y BADOS PEATONALES CONCRETO PRODUCIDO EN OBRA 3000 PSI ACABADO: ESCOBIADO | H31: =+'APU''s'!E144 -> M3 | I31: 1 | J31: =+'APU''s'!I144 -> 819613 | K31: =+I31*J31 -> 819613
C32: 17 | D32: =+'APU''s'!A229 -> 028.093 | E32: =+'APU''s'!B229 -> - | G32: =+'APU''s'!C229 -> DESMONTE DE PLAQUETAS PREFRABRICADAS | H32: =+'APU''s'!E229 -> M2 | I32: 1 | J32: =+'APU''s'!I229 -> 1088 | K32: =+I32*J32 -> 1088
G33: CORTES Y SELLOS
C34: 18 | D34: =+'APU''s'!A155 -> 023.034 | E34: =+'APU''s'!B155 -> - | G34: =+'APU''s'!C155 -> CORTE MECANIZADO DE PAVIMENTO A=5 mm profundidad un tercio del espesor | H34: =+'APU''s'!E155 -> ML | I34: 1 | J34: =+'APU''s'!I155 -> 10064 | K34: =+I34*J34 -> 10064
C35: 19 | D35: =+'APU''s'!A165 -> 023.036 | E35: =+'APU''s'!B165 -> - | G35: =+'APU''s'!C165 -> SUMINISTRO, TRANSPORTE E INSTALACION SELLO DE JUNTA DE PAVIMENTO RIGIDO 5mm | H35: =+'APU''s'!E165 -> ML | I35: 1 | J35: =+'APU''s'!I165 -> 12042 | K35: =+I35*J35 -> 12042
G36: ACERO
C37: 20 | D37: =+'APU''s'!A173 -> 005.001 | E37: =+'APU''s'!B173 -> - | G37: =+'APU''s'!C173 -> SUMINISTRO, TRANSPORTE E INSTALACION MALLA ELECTROSOLDADA (Incluye alambre negro, colocación y traslapo). | H37: =+'APU''s'!E173 -> KG | I37: 1 | J37: =+'APU''s'!I173 -> 8506 | K37: =+I37*J37 -> 8506
C38: 21 | D38: =+'APU''s'!A222 -> 005.112 | E38: =+'APU''s'!B222 -> - | G38: =+'APU''s'!C222 -> SUMINISTRO, TRANSPORTE E INSTALACIÓN DE ACERO DE REFUERZO FY = 60.000 PSI = 420 MPA (INCLUYE NALAMBRE NEGRO Y FIGURACIÓN) | H38: =+'APU''s'!E222 -> KG | I38: 1 | J38: =+'APU''s'!I222 -> 7381 | K38: =+I38*J38 -> 7381
G39: VARIOS
C40: 22 | D40: =+'APU''s'!A54 -> 001.093 | E40: =+'APU''s'!B54 -> - | G40: =+'APU''s'!C54 -> CORTE, REMOCIÓN Y CICATRIZACIÓN DE RAICES MENORES | H40: =+'APU''s'!E54 -> UND | I40: 1 | J40: =+'APU''s'!I54 -> 28583 | K40: =+I40*J40 -> 28583
C41: 23 | D41: =+'APU''s'!A180 -> 024.112 | E41: =+'APU''s'!B180 -> - | G41: =+'APU''s'!C180 -> SUMINISTRO, TRANSPORTE E INSTALACION SUMIDERO DOBLE REJA TIPO SIFÓN EN CONCRETO CLASE II-TAPA ANTIRUIDO | H41: =+'APU''s'!E180 -> UND | I41: 1 | J41: =+'APU''s'!I180 -> 2676402 | K41: =+I41*J41 -> 2676402
C42: 24 | D42: =+'APU''s'!A195 -> 002.089 | E42: =+'APU''s'!B195 -> - | G42: =+'APU''s'!C195 -> RETIRO DE MATERIAL SOBRANTE EN VOLQUETA, CARGUE MANUAL, DISPOSICIÓN EN BOTADERO (HASTA 25 KM) | H42: =+'APU''s'!E195 -> M3-Suelto | I42: 1 | J42: =+'APU''s'!I195 -> 40777 | K42: =+I42*J42 -> 40777
C43: 25 | D43: =+'APU''s'!A201 -> 002.086 | E43: =+'APU''s'!B201 -> - | G43: =+'APU''s'!C201 -> RETIRO DE MATERIAL SOBRANTE EN VOLQUETA, CARGUE MECANICO, DISPOSICIÓN EN BOTADERO (HASTA 25 KM) | H43: =+'APU''s'!E201 -> M3-Suelto | I43: 1 | J43: =+'APU''s'!I201 -> 33299 | K43: =+I43*J43 -> 33299
C44: 26 | D44: =+'APU''s'!A207 -> 030.002 | E44: =+'APU''s'!B207 -> - | G44: =+'APU''s'!C207 -> JORNAL AYUDANTE | H44: =+'APU''s'!E207 -> DIA | I44: 1 | J44: =+'APU''s'!I207 -> 86780 | K44: =+I44*J44 -> 86780
C45: 27 | D45: =+'APU''s'!A209 -> 030.003 | E45: =+'APU''s'!B209 -> - | G45: =+'APU''s'!C209 -> REGULADOR DE TRANSITO | H45: =+'APU''s'!E209 -> DIA | I45: 1 | J45: =+'APU''s'!I209 -> 116051 | K45: =+I45*J45 -> 116051
C46: 28 | D46: =+'APU''s'!A212 -> 001.084 | E46: =+'APU''s'!B212 -> - | G46: =+'APU''s'!C212 -> TRANSPORTE POR DÍA LABORADO VEHÍCULO AUTOMOTOR TIPO CAMIONETA DE ESTACAS O SIMILAR. INCLUYE CONDUCTOR Y COMBUSTIBLE | H46: =+'APU''s'!E212 -> DIA | I46: 1 | J46: =+'APU''s'!I212 -> 219507 | K46: =+I46*J46 -> 219507
C47: 29 | D47: =+'APU''s'!A215 -> 001.049 | E47: =+'APU''s'!B215 -> - | G47: =+'APU''s'!C215 -> SUMINISTRO, TRANSPORTE E INSTALACIÓN CERRAMIENTO EN YUTE H= 2 M | H47: =+'APU''s'!E215 -> ML | I47: 1 | J47: =+'APU''s'!I215 -> 14195 | K47: =+I47*J47 -> 14195
G49: SUBTOTAL OBRAS (costo directo) | K49: =SUM(K13:K47) -> 6433476
G50: VALOR TOTAL | K50: =+K49 -> 6433476
C52: NOTA 1: Se debe tener en cuenta que el PRECIO UNITARIO incluye el valor de A.I.U. | H52: DESCRIPCION | K52: PORCENTAJE
C53: NOTA 2: Cuando la fracción decimal del peso sea igual o superior a 5 se aproximará por exceso al número entero siguiente del peso y cuando la fracción decimal del peso sea inferior a 5 se aproximará por defecto al número entero del peso. | H53: ADMINISTRACION | J53: A=
C54: NOTA 3: El A.I.U y su discriminación deben estar en porcentaje (%). | H54: IMPREVISTO | J54: I=
C55: NOTA 4: Revisar el Formulario 1 de Presupuesto con sus decimales y tenerlos en cuenta para la presentación de la propuesta económica. | H55: UTILIDAD | J55: U=
C56: NOTA 5: Siguiendo las recomendaciones de la Guía de Colombia Compra Eficiente, presentar la oferta económica en archivo editable (Excel) y en PDF. | H56: TOTAL A.I.U | J56: A.I.U.=

Sheet PPTO TOTAL
C3: Código | D3: CCE-EICP-FM-14 | E3: Versión | F3: 2
C4: FORMULARIO 1
C5: PRESUPUESTO OFICIAL - INCLUIDO AIU EN CADA ITEM
C6: [Las Entidades Estatales deben usar el presente formulario para determinar el Presupuesto Oficial del Proceso de Contratación y solo pueden modificar o ajustar aquello que en este se permite expresamente] [El presente formulario aplica para los procesos de contratación que tengan como forma de pago precios unitarios. Tratándose de otras modalidades de precio, la Entidad debe ajustarlo cuando corresponde a: precio global, llave en mano, administración delegada, reembolso de gastos o cualquier otra forma de precio.]
C8: Adicionalmente, cuando el proceso de contratación es estructurado por precios unitarios, la Entidad debe aplicar las notas 1, 2 y 3 del presente formulario y las casillas de "Descripción", "Porcentaje" de la Administración, Imprevisto, Utilidad y total A.I.U. resaltadas en color amarillo. Tratándose de otras modalidades de precio, la Entidad puede o no configurar los mismos aspectos.
C9: REPARACIÓN Y MANTENIMIENTO DE BULEVARES EN LA CIUDAD DE MANIZALES, POR EL SISTEMA DE MONTO AGOTABLE
C11: No. | D11: ITEM DE PAGO | E11: ESPECIFICACIONES | G11: DESCRIPCION | H11: UND. | I11: CANTIDAD | J11: VALOR UNITARIO COSTO DIRECTO | K11: VALOR UNITARIO INCLUYE AIU | L11: VALOR TOTAL
G12: PRELIMINARES
C13: 1 | D13: =+'APU''s'!A2 -> 029.001 | E13: =+'APU''s'!B2 -> - | G13: =+'APU''s'!C2 -> DEMOLICIÓN MECÁNICA DE ESTRUCTURAS DE CONCRETO HIDRÁULICO - INCLUYE CARGUE, TRANSPORTE Y DISPOSICIÓN | H13: =+'APU''s'!E2 -> M3 | I13: 1 | J13: =+'APU''s'!I2 -> 152860 | K13: =ROUND(J13*(1+$K$56),0) -> 210101 | L13: =+I13*K13 -> 210101
C14: 2 | D14: =+'APU''s'!A8 -> 029.007 | E14: =+'APU''s'!B8 -> - | G14: =+'APU''s'!C8 -> DEMOLICIÓN DE ANDENES Y SARDINELES EN CONCRETO HIDRÁULICO - INCLUYE CARGUE A MANO, RETIRO Y DISPOSICIÓN EN BOTADERO | H14: =+'APU''s'!E8 -> M3 | I14: 1 | J14: =+'APU''s'!I8 -> 116870 | K14: =ROUND(J14*(1+$K$56),0) -> 160634 | L14: =+I14*K14 -> 160634
C15: 3 | D15: =+'APU''s'!A48 -> 002.001 | E15: =+'APU''s'!B48 -> - | G15: =+'APU''s'!C48 -> EXCAVACIÓN EN ZANJA - MATERIAL COMÚN - 0.0 A 2.0 M | H15: =+'APU''s'!E48 -> M3 | I15: 1 | J15: =+'APU''s'!I48 -> 36872 | K15: =ROUND(J15*(1+$K$56),0) -> 50679 | L15: =+I15*K15 -> 50679
C16: 4 | D16: =+'APU''s'!A60 -> 001.059 | E16: =+'APU''s'!B60 -> - | G16: =+'APU''s'!C60 -> SUMINISTRO, TRANSPORTE E INSTALACION TECHADO PROVISIONAL EN GUADUA Y PLÁSTICO | H16: =+'APU''s'!E60 -> M2 | I16: 1 | J16: =+'APU''s'!I60 -> 18815 | K16: =ROUND(J16*(1+$K$56),0) -> 25861 | L16: =+I16*K16 -> 25861
G17: BASES
C18: 5 | D18: =+'APU''s'!A68 -> 023.008 | E18: =+'APU''s'!B68 -> - | G18: =+'APU''s'!C68 -> SUMINISTRO, TRANSPORTE E INSTALACION AFIRMADO PARA ANDENES | H18: =+'APU''s'!E68 -> M3 | I18: 1 | J18: =+'APU''s'!I68 -> 114633 | K18: =ROUND(J18*(1+$K$56),0) -> 157560 | L18: =+I18*K18 -> 157560
G19: CAPA RODADURA
C20: 6 | D20: =+'APU''s'!A88 -> 023.028 | E20: =+'APU''s'!B88 -> - | G20: =+'APU''s'!C88 -> SUMINISTRO, TRANSPORTE E INSTALACION PAVIMENTO EN CONCRETO MR 42 HECHO EN OBRA | H20: =+'APU''s'!E88 -> M3 | I20: 1 | J20: =+'APU''s'!I88 -> 839365 | K20: =ROUND(J20*(1+$K$56),0) -> 1153681 | L20: =+I20*K20 -> 1153681
C21: 7 | D21: =+'APU''s'!A101 -> 023.037 | E21: =+'APU''s'!B101 -> - | G21: =+'APU''s'!C101 -> SUMINISTRO, TRANSPORTE E INSTALACIÓN DE ACELERANTE PARA CONCRETOS Y PAVIMENTOS RIGIDOS | H21: =+'APU''s'!E101 -> KG | I21: 1 | J21: =+'APU''s'!I101 -> 25013 | K21: =ROUND(J21*(1+$K$56),0) -> 34380 | L21: =+I21*K21 -> 34380
G22: ANDENES Y SARDINELES
C23: 8 | D23: =+'APU''s'!A15 -> 032.346 | E23: =+'APU''s'!B15 -> - | G23: =+'APU''s'!C15 -> SUMINISTRO, TRANSPORTE E INSTALACION BLOQUE BASE EN CEMENTO PLAQUETA ABUJARDADA GRIS 50 X 50 CM PEATONAL | H23: =+'APU''s'!E15 -> M2 | I23: 1 | J23: =+'APU''s'!I15 -> 170027 | K23: =ROUND(J23*(1+$K$56),0) -> 233697 | L23: =+I23*K23 -> 233697
C24: 9 | D24: =+'APU''s'!A23 -> 032.347 | E24: =+'APU''s'!B23 -> - | G24: =+'APU''s'!C23 -> SUMINISTRO, TRANSPORTE E INSTALACION BLOQUE BASE EN CEMENTO PLAQUETA ABUJARDADA GRIS 50 X 50 CM VEHICULAR | H24: =+'APU''s'!E23 -> M2 | I24: 1 | J24: =+'APU''s'!I23 -> 236389 | K24: =ROUND(J24*(1+$K$56),0) -> 324909 | L24: =+I24*K24 -> 324909
C25: 10 | D25: =+'APU''s'!A31 -> 032.348 | E25: =+'APU''s'!B31 -> - | G25: =+'APU''s'!C31 -> SUMINISTRO, TRANSPORTE E INSTALACION BLOQUE BASE EN CEMENTO PLAQUETA ABUJARDADA COLOR 50 X 50 CM PEATONAL | H25: =+'APU''s'!E31 -> M2 | I25: 1 | J25: =+'APU''s'!I31 -> 190908 | K25: =ROUND(J25*(1+$K$56),0) -> 262397 | L25: =+I25*K25 -> 262397
C26: 11 | D26: =+'APU''s'!A39 -> 032.349 | E26: =+'APU''s'!B39 -> - | G26: =+'APU''s'!C39 -> SUMINISTRO, TRANSPORTE E INSTALACION BLOQUE BASE EN CEMENTO PLAQUETA ABUJARDADA COLOR 50 X 50 CM VEHICULAR | H26: =+'APU''s'!E39 -> M2 | I26: 1 | J26: =+'APU''s'!I39 -> 261211 | K26: =ROUND(J26*(1+$K$56),0) -> 359026 | L26: =+I26*K26 -> 359026
C27: 12 | D27: =+'APU''s'!A75 -> 021.084 | E27: =+'APU''s'!B75 -> - | G27: =+'APU''s'!C75 -> SUMINISTRO, TRANSPORTE E INSTALACIÓN DE ARENA PARA RESELLADO DE JUNTAS EN PLAQUETAS PREFABRICADAS EXISTENTES. Incluye compactación. (No aplica para obras nuevas) | H27: =+'APU''s'!E75 -> M2 | I27: 1 | J27: =+'APU''s'!I75 -> 9104 | K27: =ROUND(J27*(1+$K$56),0) -> 12513 | L27: =+I27*K27 -> 12513
C28: 13 | D28: =+'APU''s'!A81 -> 021.085 | E28: =+'APU''s'!B81 -> - | G28: =+'APU''s'!C81 -> REINSTALACIÓN DE PLAQUETAS PREFABRICADAS PARA ANDENES. Incluye nivelación, compactación y sello con arena | H28: =+'APU''s'!E81 -> M2 | I28: 1 | J28: =+'APU''s'!I81 -> 20058 | K28: =ROUND(J28*(1+$K$56),0) -> 27569 | L28: =+I28*K28 -> 27569
C29: 14 | D29: =+'APU''s'!A107 -> 021.052 | E29: =+'APU''s'!B107 -> - | G29: =+'APU''s'!C107 -> SUMINISTRO, TRANSPORTE E INSTALACION ANDEN CONCRETO 3000 PSI E= 0.10M. ACABADO: ESCOBIADO | H29: =+'APU''s'!E107 -> M2 | I29: 1 | J29: =+'APU''s'!I107 -> 88649 | K29: =ROUND(J29*(1+$K$56),0) -> 121845 | L29: =+I29*K29 -> 121845
C30: 15 | D30: =+'APU''s'!A119 -> 021.016 | E30: =+'APU''s'!B119 -> - | G30: =+'APU''s'!C119 -> SUMINISTRO, TRANSPORTE E INSTALACION SARDINEL CHAFLANADO ANCHO = 20 CM H = ENTRE 17 Y 24 CM EN CONCRETO 3000 PSI | H30: =+'APU''s'!E119 -> ML | I30: 1 | J30: =+'APU''s'!I119 -> 78414 | K30: =ROUND(J30*(1+$K$56),0) -> 107778 | L30: =+I30*K30 -> 107778
C31: 16 | D31: =+'APU''s'!A144 -> 033.122 | E31: =+'APU''s'!B144 -> - | G31: =+'APU''s'!C144 -> SUMINISTRO, TRANSPORTE E INSTALACION DE RAMPAS Y BADOS PEATONALES CONCRETO PRODUCIDO EN OBRA 3000 PSI ACABADO: ESCOBIADO | H31: =+'APU''s'!E144 -> M3 | I31: 1 | J31: =+'APU''s'!I144 -> 819613 | K31: =ROUND(J31*(1+$K$56),0) -> 1126533 | L31: =+I31*K31 -> 1126533
C32: 17 | D32: =+'APU''s'!A229 -> 028.093 | E32: =+'APU''s'!B229 -> - | G32: =+'APU''s'!C229 -> DESMONTE DE PLAQUETAS PREFRABRICADAS | H32: =+'APU''s'!E229 -> M2 | I32: 1 | J32: =+'APU''s'!I229 -> 1088 | K32: =ROUND(J32*(1+$K$56),0) -> 1495 | L32: =+I32*K32 -> 1495
G33: CORTES Y SELLOS
C34: 18 | D34: =+'APU''s'!A155 -> 023.034 | E34: =+'APU''s'!B155 -> - | G34: =+'APU''s'!C155 -> CORTE MECANIZADO DE PAVIMENTO A=5 mm profundidad un tercio del espesor | H34: =+'APU''s'!E155 -> ML | I34: 1 | J34: =+'APU''s'!I155 -> 10064 | K34: =ROUND(J34*(1+$K$56),0) -> 13833 | L34: =+I34*K34 -> 13833
C35: 19 | D35: =+'APU''s'!A165 -> 023.036 | E35: =+'APU''s'!B165 -> - | G35: =+'APU''s'!C165 -> SUMINISTRO, TRANSPORTE E INSTALACION SELLO DE JUNTA DE PAVIMENTO RIGIDO 5mm | H35: =+'APU''s'!E165 -> ML | I35: 1 | J35: =+'APU''s'!I165 -> 12042 | K35: =ROUND(J35*(1+$K$56),0) -> 16551 | L35: =+I35*K35 -> 16551
G36: ACERO
C37: 20 | D37: =+'APU''s'!A173 -> 005.001 | E37: =+'APU''s'!B173 -> - | G37: =+'APU''s'!C173 -> SUMINISTRO, TRANSPORTE E INSTALACION MALLA ELECTROSOLDADA (Incluye alambre negro, colocación y traslapo). | H37: =+'APU''s'!E173 -> KG | I37: 1 | J37: =+'APU''s'!I173 -> 8506 | K37: =ROUND(J37*(1+$K$56),0) -> 11691 | L37: =+I37*K37 -> 11691
C38: 21 | D38: =+'APU''s'!A222 -> 005.112 | E38: =+'APU''s'!B222 -> - | G38: =+'APU''s'!C222 -> SUMINISTRO, TRANSPORTE E INSTALACIÓN DE ACERO DE REFUERZO FY = 60.000 PSI = 420 MPA (INCLUYE NALAMBRE NEGRO Y FIGURACIÓN) | H38: =+'APU''s'!E222 -> KG | I38: 1 | J38: =+'APU''s'!I222 -> 7381 | K38: =ROUND(J38*(1+$K$56),0) -> 10145 | L38: =+I38*K38 -> 10145
G39: VARIOS
C40: 22 | D40: =+'APU''s'!A54 -> 001.093 | E40: =+'APU''s'!B54 -> - | G40: =+'APU''s'!C54 -> CORTE, REMOCIÓN Y CICATRIZACIÓN DE RAICES MENORES | H40: =+'APU''s'!E54 -> UND | I40: 1 | J40: =+'APU''s'!I54 -> 28583 | K40: =ROUND(J40*(1+$K$56),0) -> 39286 | L40: =+I40*K40 -> 39286
C41: 23 | D41: =+'APU''s'!A180 -> 024.112 | E41: =+'APU''s'!B180 -> - | G41: =+'APU''s'!C180 -> SUMINISTRO, TRANSPORTE E INSTALACION SUMIDERO DOBLE REJA TIPO SIFÓN EN CONCRETO CLASE II-TAPA ANTIRUIDO | H41: =+'APU''s'!E180 -> UND | I41: 1 | J41: =+'APU''s'!I180 -> 2676402 | K41: =ROUND(J41*(1+$K$56),0) -> 3678632 | L41: =+I41*K41 -> 3678632
C42: 24 | D42: =+'APU''s'!A195 -> 002.089 | E42: =+'APU''s'!B195 -> - | G42: =+'APU''s'!C195 -> RETIRO DE MATERIAL SOBRANTE EN VOLQUETA, CARGUE MANUAL, DISPOSICIÓN EN BOTADERO (HASTA 25 KM) | H42: =+'APU''s'!E195 -> M3-Suelto | I42: 1 | J42: =+'APU''s'!I195 -> 40777 | K42: =ROUND(J42*(1+$K$56),0) -> 56047 | L42: =+I42*K42 -> 56047
C43: 25 | D43: =+'APU''s'!A201 -> 002.086 | E43: =+'APU''s'!B201 -> - | G43: =+'APU''s'!C201 -> RETIRO DE MATERIAL SOBRANTE EN VOLQUETA, CARGUE MECANICO, DISPOSICIÓN EN BOTADERO (HASTA 25 KM) | H43: =+'APU''s'!E201 -> M3-Suelto | I43: 1 | J43: =+'APU''s'!I201 -> 33299 | K43: =ROUND(J43*(1+$K$56),0) -> 45768 | L43: =+I43*K43 -> 45768
C44: 26 | D44: =+'APU''s'!A207 -> 030.002 | E44: =+'APU''s'!B207 -> - | G44: =+'APU''s'!C207 -> JORNAL AYUDANTE | H44: =+'APU''s'!E207 -> DIA | I44: 1 | J44: =+'APU''s'!I207 -> 86780 | K44: =ROUND(J44*(1+$K$56),0) -> 119276 | L44: =+I44*K44 -> 119276
C45: 27 | D45: =+'APU''s'!A209 -> 030.003 | E45: =+'APU''s'!B209 -> - | G45: =+'APU''s'!C209 -> REGULADOR DE TRANSITO | H45: =+'APU''s'!E209 -> DIA | I45: 1 | J45: =+'APU''s'!I209 -> 116051 | K45: =ROUND(J45*(1+$K$56),0) -> 159509 | L45: =+I45*K45 -> 159509
C46: 28 | D46: =+'APU''s'!A212 -> 001.084 | E46: =+'APU''s'!B212 -> - | G46: =+'APU''s'!C212 -> TRANSPORTE POR DÍA LABORADO VEHÍCULO AUTOMOTOR TIPO CAMIONETA DE ESTACAS O SIMILAR. INCLUYE CONDUCTOR Y COMBUSTIBLE | H46: =+'APU''s'!E212 -> DIA | I46: 1 | J46: =+'APU''s'!I212 -> 219507 | K46: =ROUND(J46*(1+$K$56),0) -> 301706 | L46: =+I46*K46 -> 301706
C47: 29 | D47: =+'APU''s'!A215 -> 001.049 | E47: =+'APU''s'!B215 -> - | G47: =+'APU''s'!C215 -> SUMINISTRO, TRANSPORTE E INSTALACIÓN CERRAMIENTO EN YUTE H= 2 M | H47: =+'APU''s'!E215 -> ML | I47: 1 | J47: =+'APU''s'!I215 -> 14195 | K47: =ROUND(J47*(1+$K$56),0) -> 19511 | L47: =+I47*K47 -> 19511
G49: SUBTOTAL OBRAS | L49: =SUM(L13:L47) -> 8842613
G50: VALOR TOTAL | L50: =500000000 -> 500000000
C52: NOTA 1: Se debe tener en cuenta que el PRECIO UNITARIO incluye el valor de A.I.U. | H52: DESCRIPCION | K52: PORCENTAJE
C53: NOTA 2: Cuando la fracción decimal del peso sea igual o superior a 5 se aproximará por exceso al número entero siguiente del peso y cuando la fracción decimal del peso sea inferior a 5 se aproximará por defecto al número entero del peso. | H53: ADMINISTRACION | J53: A= | K53: ='Analisis AIU'!J51 -> 0.31446928
C54: NOTA 3: El A.I.U y su discriminación deben estar en porcentaje (%). | H54: IMPREVISTO | J54: I= | K54: 0
C55: NOTA 4: Revisar el Formulario 1 de Presupuesto con sus decimales y tenerlos en cuenta para la presentación de la propuesta económica. | H55: UTILIDAD | J55: U= | K55: ='Analisis AIU'!J53 -> 0.06
C56: NOTA 5: Siguiendo las recomendaciones de la Guía de Colombia Compra Eficiente, presentar la oferta económica en archivo editable (Excel) y en PDF. | H56: TOTAL A.I.U | J56: A.I.U.= | K56: =SUM(K53:L55) -> 0.37446928
D62: JOHNATAN ESTIK BARRIOS ROBLEDO | H62: FERNANDO GOMEZ ECHEVERRY
D63: JEFE DE OFICINA | H63: CONTRATISTA
D64: SECRETARIA DE INFRAESTRUCTURA | H64: SECRETARIA DE INFRAESTRUCTURA

Sheet Analisis AIU
A1: ANALISIS DEL AIU
A3: Valor estimado de la Obra (Costo Directo). | D3: Valor | E3: 363776771
A4: Plazo estimado de ejecución. | D4: Meses | E4: 2.5
A5: Contratista Persona Natural (SI o NO) | E5: no
A7: CAPITULO | B7: TIPO DE GASTO | C7: UN | D7: CANTIDAD. | E7: DEDICACION | F7: VLOR UNITARIO (mes) | G7: FACTOR PRESTACIONAL O FACTOR AIU (PARA INDIRECTOS) | H7: VALOR TOTAL | I7: SUMA | J7: PORCENTAJE | L7: =ROUND(500000000/(1+J55),0) -> 363776772
A8: 1 | B8: GASTOS GENERALES. | J8: =+J9 -> 0.10368289
A9: 1.1 | B9: MANO DE OBRA Y GASTOS DE OFICINA | I9: =SUM(H10:H27) -> 37717428 | J9: =+I9/$E$3 -> 0.10368289
B11: Ingeniero Director | C11: Un | D11: 0 | E11: 0 | F11: 6710444 | G11: =+'[1]Analisis Factor Prestacional'!$D$28 -> 0.6556 | H11: =+D11*E11*$E$4*F11*(1+G11) -> 0 | J11: =+H11/$E$3 -> 0
B12: Ingeniero Residente | C12: Un | D12: 1 | E12: 0.5 | F12: 4446382 | G12: =+'[1]Analisis Factor Prestacional'!$D$28 -> 0.6556 | H12: =+D12*E12*$E$4*F12*(1+G12) -> 9201787.5 | J12: =+H12/$E$3 -> 0.025295149
B13: Maestro de Obra | C13: Un | D13: 1 | E13: 1 | F13: 3600000 | G13: =+'[1]Analisis Factor Prestacional'!$D$28 -> 0.6556 | H13: =+D13*E13*$E$4*F13*(1+G13) -> 14900400 | J13: =+H13/$E$3 -> 0.040960284
B14: Residente de Salud Ocupacional | C14: Un | D14: 1 | E14: 0.3 | F14: 3600000 | G14: =+'[1]Analisis Factor Prestacional'!$D$28 -> 0.6556 | H14: =+D14*E14*$E$4*F14*(1+G14) -> 4470120 | J14: =+H14/$E$3 -> 0.012288085
B15: Profesional ambiental | C15: Un | D15: 0 | E15: 0 | F15: 3600000 | G15: =+'[1]Analisis Factor Prestacional'!$D$28 -> 0.6556 | H15: =+D15*E15*$E$4*F15*(1+G15) -> 0 | J15: =+H15/$E$3 -> 0
B16: Trabajador social | C16: Un | D16: 1 | E16: 0.3 | F16: 3600000 | G16: =+'[1]Analisis Factor Prestacional'!$D$28 -> 0.6556 | H16: =+D16*E16*$E$4*F16*(1+G16) -> 4470120 | J16: =+H16/$E$3 -> 0.012288085
B17: Almacenista | C17: Un | D17: 0 | E17: 0 | F17: 1553137 | G17: =+'[1]Analisis Factor Prestacional'!$C$28 -> 0.829 | H17: =+D17*E17*$E$4*F17*(1+G17) -> 0 | J17: =+H17/$E$3 -> 0
B18: Secretaria con prestaciones | C18: Un | D18: 0 | E18: 0 | F18: 2200000 | G18: =+'[1]Analisis Factor Prestacional'!$E$28 -> 0.8087 | H18: =+D18*E18*$E$4*F18*(1+G18) -> 0 | J18: =+H18/$E$3 -> 0
B19: Contador | C19: Un | D19: 0 | E19: 0 | F19: 3600000 | H19: =+D19*E19*$E$4*F19*(1+G19) -> 0 | J19: =+H19/$E$3 -> 0
B20: Oficina y/o campamento (Incluye Equipo de Oficina, Escritorio, pc, impresora, sillas, papeleria, consumo servicios publicos etc) | C20: Mes | D20: 1 | E20: 0.3 | F20: 800000 | H20: =+D20*E20*$E$4*F20*(1+G20) -> 600000 | J20: =+H20/$E$3 -> 0.0016493631
B21: Seguridad industrial personal | C21: Mes | D21: 1 | E21: 0.5 | F21: 500000 | H21: =+D21*E21*$E$4*F21*(1+G21) -> 625000 | J21: =+H21/$E$3 -> 0.0017180866
B22: Plan de Salud ocupacional y seguridad industrial | C22: Mes | D22: 1 | E22: 1 | F22: 300000 | H22: =+D22*E22*$E$4*F22*(1+G22) -> 750000 | J22: =+H22/$E$3 -> 0.0020617039
B23: Sistema de gestion ambiental | C23: Mes | D23: 1 | E23: 1 | F23: 300000 | H23: =+D23*E23*$E$4*F23*(1+G23) -> 750000 | J23: =+H23/$E$3 -> 0.0020617039
B24: Sistema de gestion de calidad | C24: Mes | D24: 1 | E24: 0 | F24: 600000 | H24: =+D24*E24*$E$4*F24*(1+G24) -> 0 | J24: =+H24/$E$3 -> 0
B25: Costos financiero | C25: Mes | D25: 1 | E25: 1 | F25: 300000 | H25: =+D25*E25*$E$4*F25*(1+G25) -> 750000 | J25: =+H25/$E$3 -> 0.0020617039
B26: Plan de Manejo de tránsito | C26: GL | D26: 1 | F26: 500000 | H26: =F26 -> 500000 | J26: =+H26/$E$3 -> 0.0013744693
B27: Ensayos de laboratorio | C27: GL | D27: 1 | F27: 700000 | H27: =F27 -> 700000 | J27: =+H27/$E$3 -> 0.001924257
A28: 2 | B28: GASTOS INDIRECTOS. | J28: =+J29+J31+J42+J38 -> 0.21078639
A29: 2.1 | B29: LEGALIZACION. | I29: =SUM(H30:H30) -> 0 | J29: =+I29/$E$3 -> 0
B30: AIU ITERACION | G30: 1.3745 | H30: =+F30*D30*G30 -> 0 | J30: =+H30/$E$3 -> 0
A31: 2.2 | B31: POLIZAS | I31: =SUM(H32:H36) -> 4127599.1 | J31: =+I31/$E$3 -> 0.011346516
B32: Anticipo | C32: % | D32: 0 | E32: 0 | F32: =+$E$3*E32 -> 0 | G32: =+$G$30 -> 1.3745 | H32: =+(((F32*G32*D32)/365)*($E$4*30+120))*1.19 -> 0 | J32: =+H32/$E$3 -> 0
B33: Cumplimiento | C33: % | D33: 0.0006 | F33: =+$E$3 -> 363776771 | G33: =+$G$30 -> 1.3745 | H33: =+(((F33*G33*D33)/365)*($E$4*30+120))*1.19 -> 190730.29 | J33: =+H33/$E$3 -> 0.00052430585
B34: Estabilidad | C34: % | D34: 0.0009 | F34: =+$E$3 -> 363776771 | G34: =+$G$30 -> 1.3745 | H34: =+(((F34*G34*D34)/365)*(1825))*1.19 -> 2677559.8 | J34: =+H34/$E$3 -> 0.0073604475
B35: Prestaciones Sociales | C35: % | D35: 0.0005 | F35: =+$E$3 -> 363776771 | G35: =+$G$30 -> 1.3745 | H35: =+(((F35*G35*D35)/365)*($E$4*30+1095))*1.19 -> 953651.44 | J35: =+H35/$E$3 -> 0.0026215292
B36: Responsabilidad Civil | C36: % | D36: 0.0025 | F36: =+$E$3 -> 363776771 | G36: =+$G$30 -> 1.3745 | H36: =+(((F36*G36*D36)/365)*($E$4*30+0))*1.19 -> 305657.51 | J36: =+H36/$E$3 -> 0.00084023373
A38: 2.3 | B38: VALLAS Y SEÑALIZACION | I38: =SUM(H39:H41) -> 1200000 | J38: =+I38/$E$3 -> 0.0032987263
B39: Vallas (XX m2) | C39: GL | D39: 1 | F39: 500000 | H39: =+F39*D39 -> 500000 | J39: =+H39/$E$3 -> 0.0013744693
B40: Señalización de obra (señales verticales, demarcación, cintas, etc) | C40: GL | D40: 1 | F40: 700000 | H40: =+F40*D40 -> 700000 | J40: =+H40/$E$3 -> 0.001924257
A42: 2.4 | B42: IMPUESTOS Y CONTRIBUCIONES | I42: =SUM(H43:H50) -> 71351594 | J42: =+I42/$E$3 -> 0.19614115
B43: Contribuación Especial | C43: % | D43: 0.05 | F43: =+$E$3 -> 363776771 | G43: =+$G$30 -> 1.3745 | H43: =+F43*D43*G43 -> 25000559 | J43: =+H43/$E$3 -> 0.068725
B44: Estampillas para el bienestar del adulto mayor | C44: % | D44: 0.02 | F44: =+$E$3 -> 363776771 | G44: =+$G$30 -> 1.3745 | H44: =+F44*D44*G44 -> 10000223 | J44: =+H44/$E$3 -> 0.02749
B45: Estampillas Pro - Universidades. | C45: % | D45: 0.02 | F45: =+$E$3 -> 363776771 | G45: =+$G$30 -> 1.3745 | H45: =+F45*D45*G45 -> 10000223 | J45: =+H45/$E$3 -> 0.02749
B46: Estampilla pro cultura | C46: % | D46: 0.02 | F46: =+$E$3 -> 363776771 | G46: =+$G$30 -> 1.3745 | H46: =+F46*D46*G46 -> 10000223 | J46: =+H46/$E$3 -> 0.02749
B47: Estampilla pro justicia familiar | C47: % | D47: 0.02 | F47: =+$E$3 -> 363776771 | G47: =+$G$30 -> 1.3745 | H47: =+F47*D47*G47 -> 10000223 | J47: =+H47/$E$3 -> 0.02749
B48: Gasto bancarios4x1000 y retiros | C48: % | D48: 0.004 | F48: =+$E$3 -> 363776771 | G48: =+$G$30 -> 1.3745 | H48: =+F48*D48*G48 -> 2000044.7 | J48: =+H48/$E$3 -> 0.005498
B49: Industria y Comercio 3,7 x 1.000 sobre valor total | C49: % | D49: 0.0037 | F49: =+$E$3 -> 363776771 | G49: =+$G$30 -> 1.3745 | H49: =+F49*D49*G49 -> 1850041.3 | J49: =+H49/$E$3 -> 0.00508565
B50: Tasa pro deporte y recreación | C50: % | D50: 0.005 | F50: =+$E$3 -> 363776771 | G50: =+$G$30 -> 1.3745 | H50: =+F50*D50*G50 -> 2500055.9 | J50: =+H50/$E$3 -> 0.0068725
B51: TOTAL GASTOS INDIRECTOS DE ADMINISTRACION. | I51: =SUM(I9:I50) -> 1.1439662e+08 | J51: =SUM(J8:J50)/3 -> 0.31446928
B52: IMPREVISTO | J52: 0
B53: UTILIDAD: | J53: 0.06
B54: IVA SOBRE UTILIDAD: | J54: =J53*I54 -> 0
B55: A.I.U. | J55: =SUM(J51:J54) -> 0.37446928
I57: =1+J55 -> 1.3744693
B59: ALCALDIA DE MANIZALES. | D59: Base - Tope | E59: Porcentaje | F59: Vlor x Millón o fracción.
B60: Estampilla Pro-Hospital. | E60: 0.02
B61: Estampilla Pro-Universidad. | E61: 0.01
B62: Timbre | D62: 53000000 | E62: 0.0075
B63: Retención en la Fuente. | E63: 0.01
B64: Publicación Diario Oficial. | F64: 5530
B65: Contribución Especial (Impovias). | E65: 0.05
B66: Industria y comercio (4 X 1.000 Ing. Brutos). | E66: 0.004
